Map: 光影交错-天梯版

Players

iGMacSed (MacSed) - Winner!

  • Race: Protoss Protoss
  • League: Master

Cyan

  • Race: Protoss Protoss
  • League: Master

Event: DreamHack SC2 Masters 2020 Winter

VOD

Have the link to the VOD?

Description

Time

  • Played on: Oct. 28, 2020, 10:04 a.m.
  • Length: 9:46

All games in this series

Show
View Real Time Build Order
Export as new Build Order

iGMacSed Protoss - Winner!

Build Orders: Oracle Opening 

Get SALT Encoding   

  12  0:00  Probe  
  13  0:12  Probe  
  14  0:17  Pylon  
  14  0:24  Probe (Chrono Boost)  
  16  0:36  Probe (Chrono Boost)  
  16  0:37  Gateway  
  16  0:43  Probe (Chrono Boost)  
  16  0:46  Assimilator  
  17  0:51  Probe  
  18  1:03  Probe (Chrono Boost)  
  19  1:04  Assimilator  
  19  1:11  Gateway  
  19  1:12  Probe (Chrono Boost)  
  19  1:17  Probe (Chrono Boost)  
  20  1:24  Cybernetics Core  
  21  1:29  Probe  
  22  1:33  Pylon  
  22  1:41  Probe  
  23  1:53  Probe  
  24  2:00  Stalker, Warp Gate  
  24  2:01  Stalker  
  28  2:05  Probe  
  29  2:12  Pylon  
  29  2:30  Stalker  
  29  2:31  Stalker  
  33  2:43  Stargate  
  32  2:58  Pylon  
  32  3:13  Nexus  
  32  3:23  Probe  
  32  3:24  Oracle (Chrono Boost)  
  32  3:35  Probe  
  33  3:41  Shield Battery  
  33  3:48  Adept x2  
  33  3:50  Probe  
  33  3:55  Shield Battery  
  38  3:59  Oracle (Chrono Boost)  
  41  4:17  Probe  
  41  4:22  Twilight Council  
  42  4:30  Probe (Chrono Boost)  
  42  4:31  Probe (Chrono Boost)  
  44  4:34  Adept x2  
  48  4:42  Probe (Chrono Boost)  
  48  4:43  Probe (Chrono Boost)  
  50  4:51  Probe (Chrono Boost)  
  48  4:53  Blink (Chrono Boost)  
  48  4:57  Probe  
  50  5:03  Probe  
  51  5:09  Probe  
  51  5:10  Forge  
  52  5:15  Probe  
  52  5:18  Pylon  
  52  5:21  Probe  
  54  5:28  Probe  
  54  5:35  Stalker  
  53  5:36  Stalker  
  53  5:39  Probe  
  53  5:40  Protoss Ground Weapons Level 1 (Chrono Boost), Probe  
  55  5:44  Gateway  
  55  5:51  Assimilator, Probe  
  55  5:53  Probe  
  57  6:00  Robotics Facility  
  57  6:02  Stalker x2  
  57  6:03  Probe  
  61  6:12  Pylon  
  61  6:18  Pylon  
  61  6:21  Gateway  
  61  6:23  Gateway  
  61  6:30  Stalker  
  61  6:32  Stalker  
  61  6:34  Probe  
  61  6:38  Probe  
  61  6:39  Stalker  
  67  6:46  Gateway  
  67  6:55  Stalker  
  67  6:56  Observer  
  67  6:59  Pylon  
  67  7:01  Pylon  
  70  7:02  Assimilator  
  70  7:03  Pylon  
  70  7:08  Stalker x2  
  70  7:15  Pylon  
  74  7:23  Warp Prism (Chrono Boost)  
  76  7:32  Stalker x3  
  76  7:33  Stalker  
  76  7:34  Stalker  
  86  7:40  Stalker  
  88  7:48  Pylon  
  88  7:55  Stalker x3  
  94  7:58  Stalker  
  96  8:23  Stalker x2  
  96  8:24  Stalker x4  
  105  8:47  Stalker x5  
  97  9:02  Observer  
  93  9:09  Stalker  
  89  9:13  Stalker x4  
Show
View Real Time Build Order
Export as new Build Order

Cyan Protoss 

Build Orders: Blink Stalkers 

Get SALT Encoding   

  12  0:00  Probe  
  13  0:12  Probe  
  14  0:17  Pylon  
  14  0:24  Probe (Chrono Boost)  
  15  0:36  Probe (Chrono Boost)  
  15  0:38  Gateway  
  16  0:45  Probe (Chrono Boost)  
  16  0:46  Assimilator  
  17  0:51  Probe  
  17  0:55  Assimilator  
  18  1:03  Probe (Chrono Boost)  
  19  1:12  Gateway  
  19  1:15  Probe (Chrono Boost)  
  20  1:20  Probe (Chrono Boost)  
  21  1:27  Cybernetics Core  
  21  1:33  Pylon  
  21  1:34  Probe  
  22  1:46  Probe  
  23  1:58  Probe  
  24  2:02  Warp Gate (Chrono Boost)  
  24  2:05  Stalker x2  
  28  2:10  Probe  
  28  2:15  Pylon  
  29  2:22  Probe  
  30  2:27  Twilight Council  
  30  2:31  Pylon  
  29  2:38  Stalker  
  29  2:41  Stalker  
  33  3:01  Blink (Chrono Boost)  
  33  3:11  Pylon  
  33  3:23  Nexus  
  29  3:37  Shield Battery  
  27  3:43  Stalker x2  
  27  3:46  Probe  
  32  3:51  Pylon  
  32  4:00  Robotics Facility  
  32  4:02  Probe  
  33  4:10  Shield Battery  
  33  4:16  Stalker  
  35  4:24  Stalker  
  37  4:29  Probe  
  37  4:35  Probe  
  38  4:40  Stalker  
  38  4:41  Probe  
  41  4:47  Probe (Chrono Boost)  
  41  4:50  Observer  
  43  4:55  Stalker  
  43  4:58  Probe (Chrono Boost)  
  43  4:59  Probe (Chrono Boost)  
  47  5:05  Stalker  
  47  5:06  Probe (Chrono Boost)  
  51  5:08  Probe (Chrono Boost)  
  51  5:11  Observer  
  52  5:17  Probe  
  53  5:22  Pylon  
  53  5:24  Stalker  
  53  5:25  Probe  
  54  5:30  Probe  
  53  5:40  Stalker, Probe (Chrono Boost)  
  53  5:42  Probe (Chrono Boost)  
  57  5:48  Stalker  
  60  5:52  Probe (Chrono Boost)  
  60  5:53  Probe (Chrono Boost)  
  61  5:57  Probe (Chrono Boost)  
  61  6:01  Forge, Probe  
  61  6:04  Sentry  
  65  6:07  Pylon  
  65  6:08  Probe  
  66  6:13  Probe, Sentry  
  69  6:19  Nexus  
  69  6:20  Probe  
  70  6:25  Probe  
  70  6:33  Protoss Ground Weapons Level 1 (Chrono Boost)  
  70  6:34  Probe  
  71  6:42  Gateway  
  71  6:43  Assimilator, Probe  
  71  6:44  Gateway  
  71  6:46  Probe  
  73  6:48  Pylon  
  72  6:54  Pylon  
  72  6:55  Probe  
  72  6:58  Probe  
  74  7:07  Probe  
  74  7:08  Pylon  
  75  7:10  Gateway, Probe  
  75  7:11  Gateway  
  76  7:20  Gateway  
  74  7:23  Stalker  
  74  7:25  Gateway  
  74  7:27  Stalker  
  74  7:29  Probe  
  79  7:32  Probe  
  80  7:38  Probe  
  80  7:39  Shield Battery  
  80  7:40  Observer  
  80  7:42  Stalker  
  83  7:46  Probe  
  83  7:47  Stalker  
  89  7:55  Probe  
  88  8:00  Gateway  
  88  8:01  Gateway  
  88  8:02  Stalker  
  88  8:04  Stalker  
  92  8:09  Warp Prism  
  94  8:16  Stalker  
  96  8:30  Stalker x4  
  98  8:42  Stalker  
  92  8:55  Stalker x4  
  64  9:06  Stalker  
  64  9:07  Stalker  
  64  9:08  Stalker, Zealot  
Tags
 
Add a new tag
Caveats
  • Supply blocks, unpowered buildings, or Contaminate may cause inaccurate times.
  • Supply counts are checked every 10 seconds.